 Dungeon Crawl Stone Soup version 0.29.1 (webtiles) character file.

Game seed: 14083112249204215343

1027 raistware the Conjurer (level 8, -7/48 HPs)
             Began as an Octopode Conjurer on Sept 12, 2022.
             Was an Initiate of Vehumet.
             Mangled by an ice beast (13 damage)
             ... on level 6 of the Dungeon.
             The game lasted 00:13:00 (6649 turns).

raistware the Conjurer (Octopode Conjurer)          Turns: 6649, Time: 00:13:00

Health: -7/48      AC:  1    Str: 10    XL:     8   Next: 23%
Magic:  0/17       EV: 17    Int: 21    God:    Vehumet [......]
Gold:   267        SH:  0    Dex: 10    Spells: 15/20 levels left

rFire   . . .      SeeInvis .   (no weapon)
rCold   . . .      Faith    .   (no shield)
rNeg    . . .      Spirit   .   (helmet restricted)
rPois   .          Reflect  .   d - amulet of the Air {Inacc Air Fly rElec RMsl}
rElec   +          Harm     .   i - +4 ring of evasion
rCorr   .          Rampage  .   (no ring)
Will    .....                   (no ring)
Stlth   +++.......              (no ring)
HPRegen 0.16/turn               (no ring)
MPRegen 0.15/turn               (no ring)
                                (no ring)
                                (no ring)

@: flying, repel missiles
A: almost no armour, amphibious, 8 rings, camouflage 1, gelatinous body 1,
(nimble swimmer 1), tentacles, antennae 1, strong 1
a: Renounce Religion


You were on level 6 of the Dungeon.
You worshipped Vehumet.
Vehumet was noncommittal.
You visited 2 branches of the dungeon, and saw 7 of its levels.

You collected 267 gold pieces.

Inventory:

Jewellery
 d - the amulet of the Air (around mantle) {Inacc Air Fly rElec RMsl}
   (You found it on level 5 of the Dungeon)

   [amulet of nothing]

   It reduces the accuracy of all your attacks.
   It enhances your air magic.
   rElec:     It insulates you from electricity.
   Fly:       It grants you flight.
   RMsl:      It protects you from missiles.
 i - a +4 ring of evasion (left tentacle)
Scrolls
 b - 4 scrolls of identify {unknown}
 c - 2 scrolls of summoning {unknown}
 e - a scroll of vulnerability {unknown}
 f - a scroll of noise {unknown}
 g - 2 scrolls of magic mapping {unknown}
 h - 4 scrolls of teleportation {unknown}
 j - a scroll of immolation {unknown}
 k - a scroll of fear {unknown}
 l - a scroll of enchant armour {unknown}


   Skills:
 - Level 1.0 Fighting
 - Level 2.0 Dodging
 - Level 3.0 Stealth
 + Level 6.6 Spellcasting
 + Level 6.9 Conjurations
 - Level 2.0 Translocations


You had 15 spell levels left.
You knew the following spells:

 Your Spells              Type           Power      Damage    Failure   Level
a - Magic Dart            Conj           100%       1d8       1%          1
b - Iskenderun's Mystic   Conj/Tloc      25%        2d7       14%         4

Your spell library contained the following spells:

 Spells                   Type           Power      Damage    Failure   Level
 Searing Ray              Conj           70%        2d7       1%          2
 Dazzling Flash           Conj/Hex       42%        N/A       7%          3
 Ensorcelled Hibernation  Hex/Ice        12%        N/A       14%         2
 Fulminant Prism          Conj/Hex       10%        3d9       22%         4
 Ozocubu's Armour         Ice            6%         N/A       28%         3
 Spider Form              Tmut/Pois      6%         N/A       28%         3
 Anguish                  Hex/Necr       3%         N/A       67%         4
 Ozocubu's Refrigeration  Ice            3%         4d8       100%        7


Dungeon Overview and Level Annotations

Branches:
Dungeon (6/15)             Temple (1/1) D:5

Altars:
Cheibriados
Hepliaklqana
Kikubaaqudgha
Ru
Vehumet
Wu Jian


Innate Abilities, Weirdness & Mutations

You cannot wear most types of armour.
You are amphibious.
You can wear up to eight rings at the same time.
Your skin changes colour to match your surroundings (Stealth+).
Your rubbery body absorbs attacks. (AC +1, EV +1)
((You are camouflaged when in or above water. (Stealth+)))
You have tentacles for arms and can constrict up to eight enemies at once.
You have a pair of small antennae on your head.
Your muscles are strong. (Str +4, Int/Dex -1)


Message History

The ice beast is moderately wounded.
The ice beast closely misses you. The ice beast attacks as you move away!
The ice beast barely misses you. The ice beast attacks as you move away!
The ice beast closely misses you.
Casting: Magic Dart (safe; 1% risk of failure)
Confirm with . or Enter, or press ? or * to list all spells.
The spell is quite dangerous to miscast (14% risk of failure)!
Continue anyway?
You erupt in a blast of force!
The mystic blast hits the ice beast.
The ice beast is heavily wounded.
The ice beast is knocked back by the mystic blast.
The magic dart hits the ice beast.
The ice beast is heavily wounded.
The ice beast hits you. The ice beast freezes you!
The magic dart hits the ice beast but does no damage.
The ice beast is heavily wounded.
The ice beast misses you.
Casting: Magic Dart (safe; 1% risk of failure)
Confirm with . or Enter, or press ? or * to list all spells.
The spell is quite dangerous to miscast (14% risk of failure)!
Continue anyway?
You erupt in a blast of force!
The mystic blast hits the ice beast!
The ice beast is almost dead.
The ice beast is knocked back by the mystic blast.
The magic dart hits the ice beast.
The ice beast is almost dead.
The magic dart hits the ice beast but does no damage.
The ice beast is almost dead.
The ice beast completely misses you.
The magic dart hits the ice beast but does no damage.
The ice beast is almost dead.
The ice beast hits you. The ice beast freezes you!
* * * LOW HITPOINT WARNING * * *
You miss the ice beast.
The ice beast is almost dead.
The ice beast barely misses you.
You barely miss the ice beast.
The ice beast is almost dead.
The ice beast hits you.
* * * LOW HITPOINT WARNING * * *
The ice beast freezes you!
You die...

#.....# ##... .. .....
#.)...# #..##.. # .##..
#.....# ###.# .#.# ##.
#.....# #...###... ##.
#...).# #......###. ....
#.....###....#.#$#.# .#.
#......##......##l#.# ##.o.
######.##..Y###..#.#.#..###
##........@# ..#.#.#.#..$#
##..........###..#.#.#).###
#..............##.#.#.##....
#............#.# #.#.#.#.#..
#..............###...###....
#...........###...#.#...#
#...........###.#.#[#.#.#
##...........##...###...##..
#.........(.......).........


You could see an ice beast.

Vanquished Creatures
  A water moccasin (D:5)
  An ice beast (D:5)
  2 ogres
  A phantom (D:4)
  2 scorpions
  A howler monkey (D:6)
  A jelly (D:6)
  An orc priest (D:4)
  A hound (D:6)
  Jessica (D:2)
  An iguana (D:6)
  2 orc wizards
  4 gnolls (D:2)
  10 adders
  2 shadow imps
  An adder zombie (D:3)
  An adder skeleton (D:3)
  3 dart slugs
  A worm (D:2)
  5 orcs
  7 endoplasms
  A giant cockroach (D:3)
  9 goblins
  4 hobgoblins
  7 jackals (D:2)
  5 kobolds
  6 quokkas
  6 ball pythons
  7 bats
  3 frilled lizards
  5 rats
102 creatures vanquished.

Vanquished Creatures (others)
  A plant (D:5)
  A withered plant (D:3)
2 creatures vanquished.

Grand Total: 104 creatures vanquished

Notes
Turn   | Place    | Note
-------+----------+-------------------------------------------
     0 | D:1      | raistware the Octopode Conjurer began the quest for the
                  | Orb.
     0 | D:1      | Reached XP level 1. HP: 11/11 MP: 3/3
    85 | D:1      | Found a faded altar of an unknown god.
   175 | D:1      | Reached XP level 2. HP: 11/17 MP: 1/5
  1119 | D:2      | Reached XP level 3. HP: 21/21 MP: 4/7
  1523 | D:2      | Noticed Jessica
  1539 | D:2      | Reached XP level 4. HP: 24/27 MP: 0/9
  1565 | D:2      | Killed Jessica
  1566 | D:2      | Reached skill level 1 in Fighting
  1846 | D:2      | Reached skill level 1 in Translocations
  1846 | D:2      | Reached XP level 5. HP: 29/33 MP: 4/11
  2347 | D:2      | Learned a level 4 spell: Iskenderun's Mystic Blast
  3365 | D:4      | Noticed a phantom
  3372 | D:4      | Killed a phantom
  3373 | D:4      | Reached XP level 6. HP: 26/38 MP: 4/13
  3824 | D:4      | Found a hazy altar of Hepliaklqana.
  4232 | D:4      | Reached skill level 5 in Spellcasting
  4235 | D:4      | Reached skill level 5 in Conjurations
  4433 | D:5      | Entered Level 5 of the Dungeon
  4541 | D:5      | Found a staircase to the Ecumenical Temple.
  4580 | Temple   | Entered the Ecumenical Temple
  4594 | Temple   | Became a worshipper of Vehumet
  4634 | D:5      | Found the amulet of the Air {Inacc Air Fly rElec RMsl}
  4639 | D:5      | Noticed a water moccasin
  4803 | D:5      | Found an ornate altar of the Wu Jian Council.
  5002 | D:5      | Reached XP level 7. HP: 43/43 MP: 3/15
  6173 | D:6      | Gained mutation: Your muscles are strong. (Str +4, Int/Dex
                  | -1) [potion of mutation]
  6173 | D:6      | Gained mutation: You have a pair of small antennae on your
                  | head. [potion of mutation]
  6175 | D:6      | Reached XP level 8. HP: 30/48 MP: 1/17
  6649 | D:6      | Mangled by an ice beast

Illustrated notes

Levels and vault maps discovered:
D:1:      roderic_octagonal_star, layout_loops_ring, basic_ecumenical_altar
D:2:      layout_rooms, columned_hall_lemuel, minmay_misc_feat_four_crosses,
          uniq_jessica
D:3:      layout_loops_ring, serial_undead, serial_undead_c, serial_undead_e,
          serial_undead_f, serial_undead_b, hangedman_abyss_or_decor_stabs,
          chequers_serial_rivers_small_b
D:4:      layout_basic, mainiacjoe_overflow_catwalk, minmay_close_crescents
D:5:      layout_basic, nicolae_wu_jian_wuxing_cycle,
          minmay_temple_entry_overgrown
D:6:      layout_rooms, minmay_starry_boxes
Temple:   nicolae_temple_superstar

Skill      XL: |  1  2  3  4  5  6  7 |
---------------+----------------------+-----
Spellcasting   | 3 4 5 6 |  6.6
Fighting       | 1 |  1.0
Stealth        | 3 |  3.0
Translocations | 1 2 |  2.0
Conjurations   | 5 6 |  6.9
Dodging        | |  2.0

Action                   |  1- 3 |  4- 6 |  7- 9 || total
-------------------------+-------+-------+-------++-------
Melee: Unarmed           |    13 |    26 |    10 ||    49
       Tentacles         |     2 |     7 |       ||     9
       Constrict         |     2 |     4 |       ||     6
       Punch             |       |     1 |       ||     1
 Cast: Magic Dart        |    62 |   138 |    84 ||   284
       Iskenderun's Myst |       |     2 |     8 ||    10
  Use: Potion            |     1 |     5 |     3 ||     9
Armor: Skin              |     4 |     4 |     5 ||    13
Dodge: Dodged            |    17 |    29 |    34 ||    80
